 Dungeon Sprint DCSS version 0.14-a0-3367-g7c2a7eb (webtiles) character file.

22 BluebellGnoll the Magician (level 2, -2/17 HPs)
             Began as an Octopode Venom Mage on Mar 19, 2014.
             Was an Initiate of Sif Muna.
             Slain by a warg (17 damage)
             ... in the Dungeon (Sprint VII: "The Pits").
             The game lasted 00:02:35 (409 turns).

BluebellGnoll the Magician (Octopode Venom Mage)     Turns: 409, Time: 00:02:35

HP  -2/17        AC  1     Str  7      XL: 2   Next: 91%
MP   9/9         EV 12     Int 17      God: Sif Muna [......]
Gold 0           SH  0     Dex 12      Spells:  2 memorised,  8 levels left

rFire  . . .     SeeInvis .     a - +2 dagger
rCold  . . .     Clarity  .     (no shield)
rNeg   . . .     Conserve .     (helmet restricted)
rPois  .         rCorr    .     (no amulet)
rElec  .         rRot     .     (no ring)
SustAb . .       Spirit   .     (no ring)
rMut   .         Warding  .     (no ring)
Saprov . . .     NoTele   +     (no ring)
MR     .....                    (no ring)
                                (no ring)
                                (no ring)
                                (no ring)

@: not resistant to hostile enchantments, quite stealthy
A: almost no armour, amphibious, 8 rings, constrict 8, camouflage 1, gelatinous
body 1
a: Renounce Religion


You were in the Dungeon.
You worshipped Sif Muna.
Sif Muna was noncommittal.
You were not hungry.

You visited 1 branch

Inventory:

Hand weapons
 a - a +2,+2 dagger (weapon)
Comestibles
 c - a bread ration
Scrolls
 i - a scroll of blinking
 j - 2 scrolls of vulnerability
 k - 3 scrolls of remove curse
 l - 5 scrolls of amnesia
 m - a scroll of summoning
Potions
 e - a potion of heal wounds
 f - a potion of haste
 g - 4 potions of magic
 h - 3 potions of berserk rage
 n - 2 potions of invisibility
Books
 b - a Young Poisoner's Handbook

   Spells                             Type                      Level
   *Sting                             Conjuration/Poison           1
   *Cure Poison                       Poison                       2
   Mephitic Cloud                     Conjuration/Poison/Air       3
   Olgreb's Toxic Radiance            Poison                       4
   Venom Bolt                         Conjuration/Poison           5


   Skills:
 - Level 2.0 Dodging
 - Level 2.6 Stealth
 + Level 5.4 Spellcasting
 - Level 4.8 Poison Magic


You had 8 spell levels left.
You knew the following spells:

 Your Spells              Type           Power        Failure   Level  Hunger
a - Sting                 Conj/Pois      ##..         6%          1    None
b - Cure Poison           Pois           ###.......   2%          2    #......


Dungeon Overview and Level Annotations

Branches:
Dungeon (1/1)

Altars:
Ashenzari
Cheibriados
Dithmenos
Elyvilon
Fedhas
Kikubaaqudgha
Makhleb
Nemelex Xobeh
Okawaru
Sif Muna
Trog
Vehumet
Xom
Yredelemnul
Zin
The Shining One
Beogh
Jiyva
Lugonu


Innate Abilities, Weirdness & Mutations

You cannot wear most types of armour.
You are amphibious.
You can wear up to eight rings at the same time.
You can use your tentacles to constrict many enemies at once.
Your skin changes colour to match your surroundings (Stlth).
Your rubbery body absorbs attacks (AC +1).


Message History

You hit the kobold skeleton. You grab the kobold skeleton.
You constrict the kobold skeleton. The kobold skeleton hits you.
You hit the kobold skeleton.
You destroy the kobold skeleton!
A warg, a brain worm and a kobold come into view.
There is an open door here.
The warg barks!
The brain worm misses you.
You hit the brain worm. You grab the brain worm.
The brain worm is lightly wounded.
You constrict the brain worm, but do no damage.
The brain worm misses you.
You release your grip on the brain worm.
The kobold hits you with a short sword. The warg barely misses you.
The brain worm's bulging head throbs.
Something tries to feed on your intellect!
There is an open door here.
The warg bites you!
Ouch! That really hurt!
You die...

#######'#############
#.).).'.+%.##.........
#.))).#.#.(##......#..
#######+#####.........
#.........%.'.........
#+#####'#####......#..
#...#%# #.........
#...#.# ####'#####
#..@'.# #.......#
##h#### #.......#
#.K..w# #.......#
#.....# #...<...#
#........ #.......#
#........##.......#
###########.......#
#########


You could see a warg and a kobold.

Vanquished Creatures
  An adder (D)
  A giant mite (D)
  A bat (D)
  A bat skeleton (D)
  A hobgoblin (D)
  A kobold skeleton (D)
6 creatures vanquished.

Notes
Turn   | Place    | Note
--------------------------------------------------------------
     0 | D        | BluebellGnoll, the Octopode Venom Mage, began the quest for the Orb.
     0 | D        | Reached XP level 1. HP: 11/11 MP: 3/3
    12 | D        | Reached XP level 2. HP: 13/17 MP: 4/7
    16 | D        | Learned a level 2 spell: Cure Poison
    23 | D        | Found a shadowy altar of Dithmenos.
    23 | D        | Found a basalt altar of Yredelemnul.
    23 | D        | Found a deep blue altar of Sif Muna.
    23 | D        | Found a burning altar of Makhleb.
    23 | D        | Found a shimmering altar of Xom.
    23 | D        | Found an ancient bone altar of Kikubaaqudgha.
    23 | D        | Found a sparkling altar of Nemelex Xobeh.
    24 | D        | Found a glowing golden altar of the Shining One.
    24 | D        | Found a bloodstained altar of Trog.
    24 | D        | Found a shattered altar of Ashenzari.
    24 | D        | Found a white marble altar of Elyvilon.
    24 | D        | Found a snail-covered altar of Cheibriados.
    24 | D        | Found a blossoming altar of Fedhas.
    24 | D        | Found a radiant altar of Vehumet.
    24 | D        | Found a glowing silver altar of Zin.
    24 | D        | Found a corrupted altar of Lugonu.
    24 | D        | Found a viscous altar of Jiyva.
    24 | D        | Found a roughly hewn altar of Beogh.
    24 | D        | Found an iron altar of Okawaru.
    27 | D        | Became a worshipper of Sif Muna the Loreminder
    98 | D        | Reached skill level 5 in Spellcasting
   403 | D        | Noticed a brain worm
   403 | D        | Noticed a warg
   409 | D        | Slain by a warg

Action                   || total
-------------------------++-------
Melee: Unarmed           ||     2
       Dagger            ||     6
 Cast: Sting             ||    10
  Use: Potion            ||     1
 Stab: Sleeping          ||     1
